 Dungeon Crawl Stone Soup version 0.30-a0-613-gdd512c7efb (webtiles) character file.

Game seed: 13909904336231059437

555 acebull12 the Chopper (level 7, 0/59 (61) HPs)
             Began as a Hill Orc Monk on Jan 9, 2023.
             Was a Priest of Beogh.
             Killed by divine providence
             ... invoked by an orc priest
              (12 damage)
             ... on level 5 of the Dungeon.
             The game lasted 00:10:40 (4214 turns).

acebull12 the Chopper (Hill Orc Monk)               Turns: 4214, Time: 00:10:41

HP:   0/59 (61)     AC:  8    Str: 16    XL:     7   Next: 30%
MP:   7/7           EV: 11    Int: 10    God:    Beogh [***...]
Gold: 108           SH:  0    Dex: 13    Spells: 6/6 levels left

rFire   . . .      SeeInvis .    a - +1 hand axe
rCold   . . .      Faith    .    (no shield)
rNeg    + . .      Spirit   .    h - +1 ring mail
rPois   .          Reflect  .    (no helmet)
rElec   .          Harm     .    (no cloak)
rCorr   .          Rampage  .    (no gloves)
Will    .....                    A - +0 pair of boots
Stlth   +                        q - amulet of regeneration
HPRegen 1.09/turn                t - ring of flight
MPRegen 0.10/turn                B - ring of positive energy

@: flying, lightly drained
A: no striking features
a: Renounce Religion, Smiting


You were on level 5 of the Dungeon.
You worshipped Beogh.
Beogh was most pleased with you.
You visited 1 branch of the dungeon, and saw 5 of its levels.
You also visited: Sewer.

You collected 108 gold pieces.

Inventory:

Hand Weapons
 a - a +1 hand axe (weapon)
Missiles
 e - 55 stones (quivered)
Armour
 b - a +0 robe
 h - a +1 ring mail (worn)
 A - a +0 pair of boots (worn)
Jewellery
 n - a ring of magical power
 q - an amulet of regeneration (around neck)
 t - a ring of flight (left hand)
 B - a ring of positive energy (right hand)
Wands
 w - a wand of digging (4)
 C - a wand of mindburst (5)
Scrolls
 f - a scroll of magic mapping
 g - a scroll of noise
 k - a scroll of identify
Potions
 c - 2 potions of ambrosia
 d - a potion of lignification {unknown}
 i - a potion of might {unknown}
 j - 5 potions of heal wounds
 p - 3 potions of mutation
 z - a potion of curing {unknown}
 D - a potion of haste {unknown}
 E - 2 potions of flight {unknown}
 F - a potion of brilliance {unknown}


   Skills:
 * Level 5.1 Fighting
 * Level 7.8 Axes
 * Level 3.8 Armour
 + Level 2.9 Dodging
 + Level 2.2 Stealth


You had 6 spell levels left.
You didn't know any spells.
Your spell library contained the following spells:

 Spells                   Type           Power      Damage    Failure   Level
 Ensorcelled Hibernation  Hex/Ice        0%         N/A       71%         2
 Passwall                 Tmut/Erth      0%         N/A       71%         2
 Swiftness                Air            0%         N/A       90%         3


Dungeon Overview and Level Annotations

Branches:
Dungeon (5/15)              Sewer (visited)
 Temple: D:4-7

Altars:

Shops:
D:5 (

Annotations:
D:4 Grinder


Message History

Beogh accepts your kill.
You hit the orc.
You kill the orc!
Beogh accepts your kill.
You hit the hound but do no damage. You hit the necrophage.
You hit the scorpion. You hit the orc. The scorpion barely misses you.
The orc closely misses you. The necrophage hits you. You partially resist.
You feel drained. The hound closely misses you.
You slash the orc!
You kill the orc!
Beogh accepts your kill.
You hit the hound. You barely miss the necrophage.
You closely miss the scorpion. You hit the orc. The hound barely misses you.
The scorpion barely misses you. The necrophage closely misses you.
The orc barely misses you.
The orc priest looks satisfied for a moment.
The hound bites you but does no damage. The scorpion stings you.
* * * LOW HITPOINT WARNING * * *
You hit the orc.
The orc is lightly wounded.
You hit the hound but do no damage.
You hit the necrophage but do no damage.
You barely miss the scorpion. You closely miss the orc.
The orc hits you but does no damage. The necrophage hits you.
* * * LOW HITPOINT WARNING * * *
The orc closely misses you. The hound closely misses you.
The scorpion stings you but does no damage.
You slash the orc!
You kill the orc!
Beogh accepts your kill.
You can now gain orcish followers.
You closely miss the hound. You barely miss the necrophage.
You closely miss the scorpion. You hit the orc but do no damage.
The hound bites you.
* * * LOW HITPOINT WARNING * * *
The orc hits you with a +0 club.
* * * LOW HITPOINT WARNING * * *
The orc priest mumbles some strange prayers to Beogh against you.
Beogh smites you!
You die...
Beogh appreciates the orc priest's killing of a heretic priest.

##.. #§§§§§§§§#§§###
...#### ##§#§§§§§§§§§§§§
......##.§§§§§#§§§§§§§§§
.........§§§o§§§§§§§§§§§
.........§§§o§§§§§§§§§§§
......##.§§§§§.o§§§§§§§§
......###.##§§§h<§§§§§§§
...........#.##n@§§§§§§§
..##oo...§§§§o.so)§§§§§§
..##.....§§§§§§§.§§§§§§§
.###.....§§#§§§§§§§§§§§§
.##......§.#§#§##§§§####
..........§§§#§..§§§§.
.#.......§§######§§§§§.
.........o§# §§§§§§
...#####..## .....


You could see a necrophage, a scorpion, a hound, 2 orc priests and 4 orcs.

Vanquished Creatures
  A black bear (D:4)
  A scorpion (D:4)
  2 hounds (D:5)
  2 iguanas (D:5)
  Natasha (twice) (D:3)
  A hell rat (Sewer)
  3 gnolls (D:2)
  3 river rats
  7 adders
  A white imp (D:5)
  4 worms
  2 dart slugs
  9 orcs
  6 ball pythons
  6 endoplasms
  5 giant cockroaches
  7 goblins
  4 hobgoblins
  3 jackals (D:2)
  5 quokkas
  4 bats (D:2)
  A frilled lizard (D:2)
  4 kobolds
  13 rats
96 creatures vanquished.

Vanquished Creatures (others)
  4 orcs (D:3)
  A goblin (D:3)
5 creatures vanquished.

Grand Total: 101 creatures vanquished

Notes
Turn   | Place    | Note
-------+----------+-------------------------------------------
     0 | D:1      | acebull12 the Hill Orc Monk began the quest for the Orb.
     0 | D:1      | Reached XP level 1. HP: 19/19 MP: 1/1
   151 | D:1      | Reached XP level 2. HP: 27/27 MP: 2/2
  1281 | D:2      | Reached XP level 3. HP: 32/33 MP: 3/3
  1419 | D:2      | Reached skill level 1 in Armour
  1489 | D:2      | Reached skill level 5 in Axes
  1489 | D:2      | Reached XP level 4. HP: 22/40 MP: 4/4
  2245 | D:3      | Reached XP level 5. HP: 21/47 MP: 5/5
  2350 | D:3      | Became a worshipper of Beogh the Brigand
  2350 | D:3      | Reached * piety under Beogh
  2350 | D:3      | Reached ** piety under Beogh
  2831 | D:3      | Reached skill level 6 in Axes
  3029 | D:3      | Noticed Natasha
  3036 | D:3      | Killed Natasha
  3090 | D:3      | Noticed Natasha
  3101 | D:3      | Killed Natasha
  3311 | D:4      | Noticed an ogre
  3384 | D:4      | Noticed a black bear
  3397 | D:4      | Killed a black bear
  3398 | D:4      | Reached XP level 6. HP: 22/55 MP: 6/6
  3606 | D:4      | Reached skill level 7 in Axes
  3642 | D:4      | Found a glowing drain.
  3646 | Sewer    | Entered a sewer
  4030 | D:4      | Noticed Grinder
  4051 | D:4      | Paralysed by Grinder for 5 turns
  4096 | D:5      | Entered Level 5 of the Dungeon
  4096 | D:5      | Found Zuys's Weapon Boutique.
  4112 | D:5      | Reached XP level 7. HP: 50/60 MP: 7/7
  4144 | D:5      | Reached skill level 5 in Fighting
  4214 | D:5      | Reached *** piety under Beogh
  4214 | D:5      | Killed from afar by an orc priest

Illustrated notes

Levels and vault maps discovered:
D:1:      dpeg_arrival_round_c, layout_basic
D:2:      layout_basic, minmay_misc_feat_room, hangedman_feature_mirror
D:3:      layout_loops_ring, uniq_natasha
D:4:      layout_loops_ring, gup_sewer_entry_spiral, uniq_grinder
D:5:      layout_rooms, mainiacjoe_overflow_surrounded_room,
          grunt_temple_overflow_open, serial_shops,
          nicolae_shop_advertising_works [nicolae_subvault_shop_adworks]

Skill      XL: |  1  2  3  4  5  6  7 |
---------------+----------------------+-----
Fighting       | 4 5 |  5.1
Armour         | 1 2 3 |  3.8
Axes           | 5 6 7 |  7.8
Stealth        | 2 |  2.2
Dodging        | |  2.9

Action                   |  1- 3 |  4- 6 |  7- 9 || total
-------------------------+-------+-------+-------++-------
Melee: Hand axe          |   102 |   261 |    33 ||   396
       Punch             |       |     3 |     1 ||     4
Invok: Convert to Beogh  |       |     1 |       ||     1
  Use: Scroll            |       |    13 |     1 ||    14
 Stab: Sleeping          |     1 |     2 |       ||     3
Armor: Robe              |     4 |       |       ||     4
       Ring mail         |    37 |    63 |    24 ||   124
Dodge: Dodged            |    64 |   120 |    40 ||   224

Table legend: (Time is in decaauts)
 A = Elapsed time spent in this place.
 B = Non-inter-level travel time spent in this place.
 C = Inter-level travel time spent in this place.
 D = Time resting spent in this place.
 E = Time spent auto-exploring this place.
 F = Levels seen in this place.
 G = Mean time per level.
                   A        B        C        D        E       F      G
               +--------+--------+--------+--------+--------+-----+--------+
         Total |   4222 |   3834 |    388 |    364 |   2409 |   6 |  703.7 |
       Dungeon |   4043 |   3655 |    388 |    347 |   2331 |   5 |  808.6 |
         Sewer |    179 |    179 |      0 |     17 |     78 |   1 |  179.0 |
               +--------+--------+--------+--------+--------+-----+--------+

Top non-repeatable levels by time:
     D:1: 1194 daAuts
     D:3: 1188 daAuts
     D:2: 1003 daAuts
     D:4: 542 daAuts
   Sewer: 179 daAuts
     D:5: 114 daAuts
